 Dungeon Crawl Stone Soup version 0.29-a0-91-gdebf4667c2 (webtiles) character file.

Game seed: 14834085031401310951

11028 siradein the Protected (level 11, 0/102 HPs)
             Began as a Minotaur Fighter on Feb 8, 2022.
             Was a Believer of Makhleb.
             Slain by a phantasmal warrior (29 damage)
             ... on level 9 of the Dungeon.
             The game lasted 00:25:52 (10545 turns).

siradein the Protected (Minotaur Fighter)          Turns: 10545, Time: 00:25:52

Health: 0/102      AC: 17    Str: 21    XL:     11   Next: 43%
Magic:  13/13      EV:  9    Int:  7    God:    Makhleb [**....]
Gold:   674        SH:  6    Dex: 12    Spells: 10/10 levels left

rFire   + + .      SeeInvis .   a - +0 long sword
rCold   x . .      Faith    .   c - +0 buckler
rNeg    . . .      Spirit   .   R - +0 fire dragon scales
rPois   .          Reflect  .   (helmet restricted)
rElec   .          Harm     .   x - +0 cloak
rCorr   .          Rampage  .   F - +1 pair of gloves
Will    .....                   I - +0 pair of boots "Ecyitacy" {Stlth+}
Stlth   +.........              E - amulet of regeneration
HPRegen 1.07/turn               l - ring of flight
MPRegen 0.13/turn               (no ring)

@: weak-willed, flying
A: horns 2, retaliatory headbutt
a: Renounce Religion, Minor Destruction


You were on level 9 of the Dungeon.
You worshipped Makhleb.
Makhleb was pleased with you.
You visited 2 branches of the dungeon, and saw 11 of its levels.
You also visited: Bailey.

You collected 674 gold pieces.

Inventory:

Hand Weapons
 a - a +0 long sword (weapon)
 o - a +2 rapier of venom
 p - a +0 hunting sling of freezing
Missiles
 b - 6 boomerangs of dispersal
 r - 57 poisoned darts (quivered)
 u - 266 stones
 w - 102 sling bullets
 K - 28 boomerangs
 L - a throwing net
 P - 4 datura-tipped darts
 Q - 7 atropa-tipped darts
Armour
 c - a +0 buckler (worn)
 x - a +0 cloak (worn)
 F - a +1 pair of gloves (worn)
 I - the +0 pair of boots "Ecyitacy" (worn) {Stlth+}
   (You found it on level 7 of the Dungeon)

   Stlth:     It makes you more stealthy.
 M - +0 acid dragon scales
 R - +0 fire dragon scales (worn)
Jewellery
 l - a ring of flight (left hand)
 z - a ring of fire
 E - an amulet of regeneration (around neck)
Wands
 n - a wand of flame (11)
 G - a wand of mindburst (11)
 N - a wand of acid (11)
Scrolls
 e - a scroll of brand weapon
 g - 2 scrolls of fog
 i - a scroll of fear
 j - 6 scrolls of teleportation
 q - a scroll of summoning {unknown}
 s - 4 scrolls of amnesia
 t - a scroll of torment {unknown}
 y - a scroll of silence {unknown}
 C - a scroll of blinking {unknown}
 D - 4 scrolls of immolation {unknown}
 H - a scroll of acquirement {unknown}
 O - a scroll of enchant weapon {unknown}
Potions
 d - 2 potions of might
 h - a potion of berserk rage
 k - 3 potions of flight
 m - 6 potions of heal wounds
 v - 6 potions of curing
 A - a potion of haste {unknown}
 B - a potion of magic {unknown}
 J - a potion of degeneration {unknown}
Miscellaneous
 f - a tin of tremorstones (2/2)


   Skills:
 + Level 11.1 Fighting
 + Level 10.8 Long Blades
 + Level 11.1 Armour
 + Level 11.1 Shields
 + Level 4.7 Invocations


You had 10 spell levels left.
You didn't know any spells.
Your spell library contained the following spells:

 Spells                   Type           Power      Damage    Failure   Level
 Beastly Appendage        Tmut           0%         N/A       83%         1
 Sting                    Tmut/Pois      0%         1d3       83%         1
 Wereblood                Tmut           0%         N/A       92%         2
 Ozocubu's Armour         Ice            0%         N/A       99%         3
 Spider Form              Tmut/Pois      0%         N/A       99%         3
 Fulminant Prism          Conj/Hex       0%         3d6       100%        4
 Iskenderun's Mystic Bla  Conj/Tloc      0%         2d3       100%        4
 Freezing Cloud           Conj/Ice/Air   0%         6-21      100%        5
 Lee's Rapid Deconstruct  Erth           0%         3d5*      100%        5
 Simulacrum               Ice/Necr       0%         N/A       100%        6
 Ozocubu's Refrigeration  Ice            0%         4d5       100%        7
 Polar Vortex             Ice            0%         N/A       100%        9


Dungeon Overview and Level Annotations

Branches:
Dungeon (10/15)            Temple (1/1) D:6            Lair (0/6) D:10
 Bailey (visited)
    Orc: D:9-12

Altars:
Ashenzari
Dithmenos
Elyvilon
Fedhas
Gozag
Hepliaklqana
Makhleb
Nemelex Xobeh
Okawaru
Qazlal
Ru
Sif Muna
Vehumet
Wu Jian
Xom
Yredelemnul
The Shining One

Shops:
D:7 !


Innate Abilities, Weirdness & Mutations

You have a pair of horns on your head.
You reflexively headbutt those who attack you in melee.


Message History

The phantasmal warrior is severely damaged.
The phantasmal warrior hits you!!
You barely miss the phantasmal warrior.
You headbutt the phantasmal warrior, but do no damage.
The phantasmal warrior is severely damaged.
You block the phantasmal warrior's attack.
You hit the phantasmal warrior. You headbutt the phantasmal warrior.
The phantasmal warrior is severely damaged.
The phantasmal warrior hits you!!
Your willpower is stripped away!
You hit the phantasmal warrior but do no damage.
The phantasmal warrior is severely damaged.
The phantasmal warrior hits you!!
You are too injured to fight recklessly!
You are too injured to fight recklessly!
The phantasmal warrior gestures at you.
The phantasmal warrior blinks!
The phantasmal warrior gestures at you.
The phantasmal warrior blinks!
A phantasmal warrior is nearby!
The phantasmal warrior gestures at you.
The phantasmal warrior blinks!
You hit the phantasmal warrior but do no damage.
The phantasmal warrior is severely damaged.
The phantasmal warrior hits you!!
You hit the phantasmal warrior.
You headbutt the phantasmal warrior, but do no damage.
The phantasmal warrior is severely damaged.
The phantasmal warrior hits you!!
* * * LOW HITPOINT WARNING * * *
The phantasmal warrior gestures at you.
The phantasmal warrior blinks!
You hit the phantasmal warrior.
The phantasmal warrior is severely damaged.
You block the phantasmal warrior's attack.
The phantasmal warrior gestures at you.
The phantasmal warrior blinks!
You barely miss the phantasmal warrior.
The phantasmal warrior is severely damaged.
The phantasmal warrior hits you!!
You die...

#################
................###########
#########..............)[.#######
#.#####.........[........ ####
#.# ##.########.####### ...# #.#
#§# #≈≈≈≈≈...## ##.## #.# #.#
♣♣♣♣♣..≈...# #..#####.######@#
♣...♣.(.≈..## ##..............W##
♣≈##'........ ....#.............#
♣≈≈#.........
.#........#####...##♣♣≈#..##.....
....#.....## ##.....♣≈≈###≈#≈....
>#.).......###..#.##♣≈#≈#^##≈≈..P
#.........##........♣≈#≈##≈#.≈...
##.#.....###.#...#..♣≈#'#^##≈≈..#
...##<..###.#..#....♣+#.♣.♣≈≈≈..#


You could see a phantasmal warrior.

Vanquished Creatures
  Harold (D:7)
  A centaur warrior (D:10)
  A two-headed ogre (D:10)
  2 orc knights (Bailey)
  Pikel (D:8)
  An oklob plant (D:9)
  An elephant (D:10)
  A kobold demonologist (D:10)
  Sigmund (D:2)
  2 vampires
  A basilisk (D:10)
  6 yaks
  5 wyverns
  2 acid dragons (D:10)
  4 water moccasins
  An ice beast (D:7)
  5 orc warriors
  5 sky beasts
  2 black bears
  An ogre (D:7)
  A centaur (D:6)
  2 phantoms
  10 kobold brigands
  The ghost of siradein the Shield-Bearer, an amateur VSFi (D:3)
  Blork the orc (D:5)
  3 scorpions
  A gnoll sergeant (D:6)
  A wyvern skeleton (D:5)
  A water moccasin zombie (D:7)
  A killer bee (D:10)
  4 wights
  2 jellies (D:5)
  An oklob sapling (D:9)
  3 howler monkeys (D:10)
  2 hounds
  A bullfrog skeleton (D:4)
  A centaur skeleton (D:6)
  A gnoll shaman (D:5)
  4 orc priests
  An iguana (D:5)
  9 orc wizards
  Terence (D:2)
  A howler monkey zombie (D:9)
  10 gnolls
  A howler monkey skeleton (D:5)
  14 adders
  4 worms
  2 dart slugs
  3 adder simulacra (D:3)
  33 orcs
  14 ball pythons
  6 endoplasms
  2 giant cockroaches (D:4)
  8 goblins
  7 hobgoblins
  6 jackals
  28 kobolds
  3 quokkas
  A ball python simulacrum (D:3)
  A bat (D:2)
  3 frilled lizards (D:3)
  4 rats
247 creatures vanquished.

Vanquished Creatures (others)
  63 plants
63 creatures vanquished.

Grand Total: 310 creatures vanquished

Notes
Turn   | Place    | Note
-------+----------+-------------------------------------------
     0 | D:1      | siradein the Minotaur Fighter began the quest for the Orb.
     0 | D:1      | Reached XP level 1. HP: 19/19 MP: 0/0
    84 | D:1      | Reached XP level 2. HP: 23/27 MP: 1/1
   624 | D:1      | Reached XP level 3. HP: 33/33 MP: 2/2
   806 | D:1      | Found a faded altar of an unknown god.
  1296 | D:2      | Noticed Terence
  1319 | D:2      | Killed Terence
  1320 | D:2      | Reached XP level 4. HP: 14/41 MP: 1/3
  2006 | D:2      | Noticed Sigmund
  2020 | D:2      | Killed Sigmund
  2021 | D:2      | Reached skill level 5 in Fighting
  2021 | D:2      | Reached skill level 5 in Armour
  2021 | D:2      | Reached skill level 5 in Shields
  2021 | D:2      | Reached XP level 5. HP: 17/48 MP: 1/4
  2021 | D:2      | Reached XP level 6. HP: 20/56 MP: 1/5
  2543 | D:3      | Found a broken altar of Ashenzari.
  2791 | D:3      | Noticed siradein's ghost (amateur VSFi)
  2859 | D:3      | Found a runed translucent gate.
  2859 | D:3      | Found a runed translucent gate.
  2859 | D:3      | Found a runed translucent gate.
  3286 | D:3      | Killed siradein's ghost
  3482 | D:4      | Found a sparkling altar of Nemelex Xobeh.
  3525 | D:4      | Found a shimmering altar of Xom.
  3719 | D:4      | Reached skill level 5 in Long Blades
  3719 | D:4      | Reached XP level 7. HP: 62/62 MP: 6/6
  4490 | D:5      | Entered Level 5 of the Dungeon
  4529 | D:5      | Noticed Blork the orc
  4537 | D:5      | Killed Blork the orc
  4611 | D:5      | Found a shadowy altar of Dithmenos.
  4679 | D:5      | Found a sacrificial altar of Ru.
  5493 | D:5      | Reached XP level 8. HP: 54/71 MP: 7/7
  5661 | D:6      | Found a staircase to the Ecumenical Temple.
  6442 | D:7      | Found Esush's Distillery.
  6576 | D:7      | Identified the +0 pair of boots "Ecyitacy" {Stlth+}
  6685 | D:7      | Found a basalt altar of Yredelemnul.
  6693 | D:7      | Reached XP level 9. HP: 80/81 MP: 8/8
  6925 | D:8      | Noticed Harold
  6964 | D:7      | Killed Harold
  7071 | D:8      | Noticed Pikel
  7504 | D:8      | Killed Pikel
  7505 | D:8      | Reached XP level 10. HP: 91/91 MP: 9/9
  7533 | D:8      | Found a glowing golden altar of the Shining One.
  7856 | D:8      | Found a shimmering blue altar of Sif Muna.
  7939 | Temple   | Entered the Ecumenical Temple
  7952 | Temple   | Became a worshipper of Makhleb the Destroyer
  8050 | D:9      | Reached skill level 1 in Invocations
  8319 | D:9      | Reached * piety under Makhleb
  8606 | D:9      | Reached skill level 10 in Armour
  8630 | D:9      | Reached skill level 10 in Fighting
  8630 | D:9      | Reached skill level 10 in Shields
  8723 | D:9      | Noticed an oklob plant
  8771 | D:9      | Got the Tome of Nature
  9224 | D:10     | Entered Level 10 of the Dungeon
  9250 | D:10     | Found a staircase to the Lair.
  9250 | D:10     | Noticed an elephant
  9274 | D:10     | Killed an elephant
  9324 | D:10     | Found a flagged portal.
  9341 | D:10     | Reached ** piety under Makhleb
  9372 | Bailey   | Entered a bailey
  9406 | Bailey   | Reached skill level 10 in Long Blades
  9448 | Bailey   | Noticed an orc knight
  9482 | Bailey   | Killed an orc knight
  9522 | Bailey   | Noticed an orc knight
  9624 | Bailey   | Killed an orc knight
  9625 | Bailey   | Reached XP level 11. HP: 55/101 MP: 12/12
  9702 | Bailey   | Found a burning altar of Makhleb.
  9974 | D:10     | Noticed a two-headed ogre
  9975 | D:10     | Noticed a centaur warrior
  9993 | D:10     | Killed a two-headed ogre
 10005 | D:10     | Killed a centaur warrior
 10333 | D:10     | Noticed a five-headed hydra
 10391 | D:9      | Killed an oklob plant
 10493 | D:10     | Noticed a phantasmal warrior
 10545 | D:9      | Slain by a phantasmal warrior

Illustrated notes

Levels and vault maps discovered:
D:1:      scummos_arrival_hexagon, layout_basic,
          hellmonk_ecumenical_altar_slurped_away, serial_forest,
          infiniplex_forest_clump_tiny, infiniplex_forest_lined_room_,
          infiniplex_forest_clump_double, infiniplex_forest_side_room,
          infiniplex_forest_straight_2, infiniplex_forest_straight_2,
          infiniplex_forest_zigzag_2
D:2:      layout_loops_ring, minmay_tripent, uniq_sigmund, uniq_terence
D:3:      layout_basic, general_overflow_altar, gammafunk_ghost_icy,
          serial_bayou, serial_bayou_pond_a, serial_bayou_lagoon_a,
          serial_bayou_crossing, serial_bayou_pond_a, nrook_loot_triangle,
          minmay_randomly_rotated_circles
D:4:      layout_loops_ring, mainiacjoe_overflow_large_starburst
D:5:      layout_basic, nicolae_ru_great_annihilating_truth,
          mainiacjoe_overflow_paths, grunt_ministairs_5, uniq_blork_the_orc
D:6:      layout_basic, minmay_temple_entry_nine_rooms
D:7:      layout_basic, mainiacjoe_overflow_small_starburst, serial_shops,
          shop_statue
D:8:      layout_cave_pools, mainiacjoe_overflow_six_doors_small,
          mainiacjoe_overflow_24_doors, minivault_23, uniq_harold, uniq_pikel
D:9:      layout_loops_ring, introduction_to_nature_1
D:10:     nzn_winding_woodlands_cross [nzn_winding_woodlands_5x15_lazy_stream,
          nzn_winding_woodlands_5x15_default,
          nzn_winding_woodlands_5x15_split_checker,
          nzn_winding_woodlands_5x15_longhouse,
          nzn_winding_woodlands_15x15_five_gardens], layout_rooms,
          david_lair_generic, enter_bailey_5, statue_in_the_mist_lemuel
Temple:   zaba_magenta_temple

Skill      XL: |  1  2  3  4  5  6  7  8  9 10 11 |
---------------+----------------------------------+-----
Armour         | 4 5 6 8 9 10 11 | 11.1
Fighting       | 4 5 6 7 9 10 11 | 11.1
Long Blades    | 3 4 5 7 9 10 | 10.8
Shields        | 4 5 6 8 9 10 11 | 11.1
Invocations    | 3 4 |  4.7

Action                   |  1- 3 |  4- 6 |  7- 9 | 10-12 || total
-------------------------+-------+-------+-------+-------++-------
Melee: Long sword        |    64 |    59 |   257 |   406 ||   786
       Headbutt          |    14 |    30 |    58 |   107 ||   209
       Rapier            |       |    66 |    71 |    55 ||   192
 Fire: Hunting sling     |       |     4 |       |    32 ||    36
Throw: Dart              |       |       |     3 |       ||     3
  Use: Scroll            |       |     3 |     8 |       ||    11
 Stab: Paralysed         |       |       |     1 |       ||     1
Armor: Scale mail        |    22 |       |       |       ||    22
       Chain mail        |       |    53 |   107 |   247 ||   407
       Plate armour      |       |       |   132 |       ||   132
Dodge: Dodged            |    25 |    32 |    91 |   151 ||   299
Block: Buckler           |    14 |    18 |   105 |   145 ||   282

Table legend: (Time is in decaauts)
 A = Elapsed time spent in this place.
 B = Non-inter-level travel time spent in this place.
 C = Inter-level travel time spent in this place.
 D = Time resting spent in this place.
 E = Time spent auto-exploring this place.
 F = Levels seen in this place.
 G = Mean time per level.
                   A        B        C        D        E       F      G
               +--------+--------+--------+--------+--------+-----+--------+
         Total |  10614 |  10283 |    331 |    135 |   7275 |  12 |  884.5 |
       Dungeon |  10201 |   9871 |    330 |    135 |   7119 |  10 | 1020.1 |
        Temple |     26 |     26 |      0 |      0 |      7 |   1 |   26.0 |
        Bailey |    386 |    386 |      0 |      0 |    149 |   1 |  386.0 |
               +--------+--------+--------+--------+--------+-----+--------+

Top non-repeatable levels by time:
     D:9: 1394 daAuts
     D:2: 1389 daAuts
     D:1: 1083 daAuts
     D:4: 1070 daAuts
     D:7: 1022 daAuts
     D:3: 1005 daAuts
     D:5: 996 daAuts
     D:8: 844 daAuts
    D:10: 736 daAuts
     D:6: 660 daAuts
  Bailey: 386 daAuts
  Temple: 26 daAuts
